AoeStats
← PancakeDa

Arabian Desert

509465238Analyzed
1v1 RM · 5d ago on Sep 26, 2026· 36m 35s· 2 players
Game mode
Random Map
Map size
Tiny (2 player)
Population
200
Speed
Normal
Resources
Standard
Victory
Conquest
Starting age
Dark Age
Ending age
Imperial Age
RankedLock teamsTeams togetherTeam positionsShared explorationLock speedFull tech treeHidden civsTurbo modeCheats
Victory
Defeat
🇦🇷 Britons · Argentina
582
+13
🇬🇧 Chinese · United Kingdom
527
-13
PancakeDa
0:43 Loom
11:12 Feudal Age
13:42 Horse Collar
13:52 Double-Bit Axe
21:55 Castle Age
20:32 Scale Mail Armor
21:40 Forging
23:18 Squires
22:41 Pikeman
24:37 Arson
28:03 Fletching
32:03 Ballistics
34:35 Imperial Age
34:45 Iron Casting
34:26 Chain Mail Armor
nicolasmjr
10:50 Feudal Age
11:36 Double-Bit Axe
21:17 Castle Age
20:44 Scale Barding Armor
21:04 Gold Mining
22:24 Husbandry
23:20 Wheelbarrow
23:45 Scale Mail Armor
29:07 Gold Shaft Mining
32:38 Imperial Age
31:14 Stone Mining
32:16 Chain Barding Armor
32:43 Ballistics
33:16 Forging
33:23 Cavalier
35:32 Iron Casting
37:14 Blast Furnace
Connection lost

Rejoining the realm…

Still unreachable

The connection could not be restored.

Session expired

The server has moved on; the page needs a fresh start.